 Dungeon Crawl Stone Soup version 0.28.0-53-g5a82cb258f (webtiles) character file.

Game seed: 17610130715676141267

280 bnorton916 the Magician (level 6, -3/32 HPs)
             Began as a Deep Elf Fire Elementalist on Aug 2, 2022.
             Slain by a scorpion (7 damage)
             ... in an ossuary.
             The game lasted 00:04:04 (4350 turns).

bnorton916 the Magician (DEFE)                      Turns: 4350, Time: 00:04:04

Health: -3/32      AC:  2    Str:  5    XL:     6   Next: 5%
Magic:  10/15      EV: 12    Int: 22    God:
Gold:   116        SH:  0    Dex: 15    Spells: 4/15 levels left

rFire   . . .      SeeInvis .   (no weapon)
rCold   . . .      Faith    .   (no shield)
rNeg    . . .      Spirit   .   a - +0 robe
rPois   .          Reflect  .   (no helmet)
rElec   .          Harm     .   (no cloak)
rCorr   .          Rampage  .   (no gloves)
Will    .....                   (no boots)
Stlth   ++........              (no amulet)
HPRegen 0.10/turn               (no ring)
MPRegen 0.14/turn               (no ring)

@: no status effects
A: deterioration 1, no potion heal 1, MP-powered wands
a: no special abilities


You were in an ossuary.
You visited 1 branch of the dungeon, and saw 4 of its levels.
You also visited: Ossuary.

You collected 116 gold pieces.

Inventory:

Armour
 a - a +0 robe (worn)
Magical Staves
 c - a staff of air
Wands
 l - a wand of flame (16)
Scrolls
 b - 2 scrolls of enchant armour {unknown}
 d - 4 scrolls of identify {unknown}
 f - a scroll of amnesia {unknown}
 g - 2 scrolls of enchant weapon {unknown}
 i - 2 scrolls of teleportation {unknown}
Potions
 e - 2 potions of mutation
 j - a potion of resistance {unknown}
 k - a potion of lignification {unknown}


   Skills:
 - Level 2.4 Dodging
 - Level 2.4 Stealth
 + Level 5.1 Spellcasting
 + Level 3.6 Conjurations
 + Level 2.6 Hexes
 + Level 4.8 Fire Magic


You had 4 spell levels left.
You knew the following spells:

 Your Spells              Type           Power      Damage    Failure   Level
a - Foxfire               Conj/Fire      96%        2x1d8     1%          1
b - Scorch                Fire           54%        2d8       1%          2
c - Conjure Flame         Conj/Fire      24%        6-21      5%          3
d - Slow                  Hex            68%        N/A       3%          1
e - Flame Wave            Conj/Fire      24%        2d7       17%         4

Your spell library contained the following spells:

 Spells                   Type           Power      Damage    Failure   Level
 Inner Flame              Hex/Fire       22%        N/A       6%          3
 Animate Skeleton         Necr           10%        N/A       10%         1
 Apportation              Tloc           10%        N/A       10%         1
 Beastly Appendage        Tmut           10%        N/A       10%         1
 Summon Small Mammal      Summ           20%        N/A       10%         1
 Confusing Touch          Hex            17%        N/A       10%         3
 Wereblood                Tmut           5%         N/A       16%         2
 Spider Form              Tmut/Pois      5%         N/A       30%         3
 Vampiric Draining        Necr           5%         2d6       30%         3


Dungeon Overview and Level Annotations

Branches:
Dungeon (4/15)            Ossuary (1/1)
 Temple: D:4-7

Altars:
Dithmenos
Fedhas

Shops:
D:3 :


Innate Abilities, Weirdness & Mutations

Your body sometimes deteriorates upon taking damage.
Potions are less effective at restoring your health.
You expend magic power (3 MP) to strengthen your wands.


Message History

A scorpion and a goblin zombie come into view.
There is an open door here.
There is an open door here.
Casting: Flame Wave (extremely dangerous; 17% risk of failure)
Confirm with . or Enter, or press ? or * to list all spells.
Flames lash the scorpion.
The scorpion is heavily wounded.
The scorpion's fire resistance burns away.
The scorpion stings you!
Unknown command.
Casting: Scorch (safe; 1% risk of failure)
Confirm with . or Enter, or press ? or * to list all spells.
You conjure some foxfire!
The scorpion barely misses you. The scorpion stings you.
The foxfire hits the hobgoblin zombie.
The hobgoblin zombie is severely damaged.
The foxfire hits the scorpion but does no damage.
The scorpion is heavily wounded.
The scorpion misses you.
Unknown command.
Casting: Foxfire (safe; 1% risk of failure)
Confirm with . or Enter, or press ? or * to list all spells.
You conjure some foxfire!
The scorpion closely misses you.
The hobgoblin zombie hits you but does no damage.
The scorpion is no longer more vulnerable to fire.
The foxfire hits the human zombie.
The human zombie is lightly damaged.
The foxfire hits the scorpion!
The scorpion is almost dead.
The scorpion stings you. The hobgoblin zombie hits you.
* * * LOW HITPOINT WARNING * * *
Casting: Foxfire (safe; 1% risk of failure)
Confirm with . or Enter, or press ? or * to list all spells.
Flames lash the human zombie.
The human zombie is moderately damaged.
The human zombie's fire resistance burns away.
The scorpion closely misses you. The hobgoblin zombie hits you.
* * * LOW HITPOINT WARNING * * *
The scorpion stings you!
You die...

#...8...+ #.......
##8...8##############
#Z......#...#...#...#
#...8.Z.#...8...'.∩.#
#..Z#...#.......#...#
######'###8...8###'##
#.?.#...#Z......#...#
+?.M#...'s@.8...#.∩.#
#!..#...#Z..#...#...#
#####################


You could see a mummy, a scorpion, a hobgoblin zombie and a human zombie
(combustible).

Vanquished Creatures
  A phantom (D:3)
  A scorpion (Ossuary)
  A centaur zombie (Ossuary)
  A hound (D:3)
  2 adders (D:2)
  A worm (D:2)
  4 dart slugs
  4 endoplasms
  3 giant cockroaches (D:1)
  A gnoll zombie (D:4)
  6 goblins
  4 hobgoblins
  4 jackals (D:1)
  3 kobolds (D:1)
  4 quokkas
  2 ball pythons
  5 bats
  4 frilled lizards
  A kobold zombie (Ossuary)
  An orc zombie (Ossuary)
  2 rats
55 creatures vanquished.

Vanquished Creatures (others)
  259 foxfires
259 creatures vanquished.

Grand Total: 314 creatures vanquished

Notes
Turn   | Place    | Note
-------+----------+-------------------------------------------
     0 | D:1      | bnorton916 the Deep Elf Fire Elementalist began the quest
                  | for the Orb.
     0 | D:1      | Reached XP level 1. HP: 10/10 MP: 6/6
   335 | D:1      | Reached XP level 2. HP: 15/15 MP: 6/8
  1178 | D:1      | Found a faded altar of an unknown god.
  1195 | D:1      | Reached XP level 3. HP: 19/19 MP: 2/10
  1736 | D:2      | Reached skill level 4 in Spellcasting
  2050 | D:2      | Reached XP level 4. HP: 18/24 MP: 9/12
  2531 | D:2      | Learned a level 2 spell: Scorch
  2535 | D:2      | Learned a level 3 spell: Conjure Flame
  2537 | D:2      | Learned a level 1 spell: Slow
  2664 | D:3      | Found Kili Lorph's Book Shoppe.
  2955 | D:3      | Found a blossoming altar of Fedhas.
  3028 | D:3      | Found a shadowy altar of Dithmenos.
  3052 | D:3      | Reached skill level 1 in Hexes
  3305 | D:3      | Noticed a phantom
  3315 | D:3      | HP: 1/24 [phantom (8)]
  3316 | D:3      | Killed a phantom
  3317 | D:3      | Reached XP level 5. HP: 1/28 MP: 4/14
  3803 | D:4      | Found a sand-covered staircase.
  3816 | D:4      | Learned a level 4 spell: Flame Wave
  3817 | Ossuary  | Entered an ossuary
  3840 | Ossuary  | Gained mutation: Potions are less effective at restoring
                  | your health. [potion of mutation]
  3840 | Ossuary  | Gained mutation: You expend magic power (3 MP) to
                  | strengthen your wands. [potion of mutation]
  3840 | Ossuary  | Gained mutation: Your body sometimes deteriorates upon
                  | taking damage. [potion of mutation]
  3843 | Ossuary  | Reached skill level 5 in Spellcasting
  3843 | Ossuary  | Reached XP level 6. HP: 4/32 MP: 4/15
  4350 | Ossuary  | Slain by a scorpion

Illustrated notes

Levels and vault maps discovered:
D:1:      pf_arrival_petrified_forest, layout_loops_cross,
          chequers_ecumenical_altar_simple
D:2:      layout_rooms, minmay_misc_feat_five
D:3:      layout_loops_ring, nicolae_dithmenos_shadow_blocks,
          fedhas_altar_fruit_tree, serial_shops, shop_statue, skrybe_limestone_x
D:4:      layout_loops_corners, nicolae_ru_the_path_less_chosen, enter_ossuary_3
Ossuary:  ossuary_minmay_scorpions

Skill      XL: |  1  2  3  4  5 |
---------------+----------------+-----
Conjurations   | 2 3 |  3.6
Spellcasting   | 4 5 |  5.1
Fire Magic     | 4 |  4.8
Hexes          | 1 2 |  2.6
Dodging        | |  2.4
Stealth        | |  2.4

Action                   |  1- 3 |  4- 6 || total
-------------------------+-------+-------++-------
 Cast: Foxfire           |   112 |    50 ||   162
       Scorch            |       |     9 ||     9
       Flame Wave        |       |     1 ||     1
  Use: Potion            |       |     2 ||     2
Armor: Robe              |     8 |     3 ||    11
Dodge: Dodged            |    16 |    19 ||    35
